 Dungeon Crawl Stone Soup version 0.30-b1-2-g02819fbbbe (webtiles) character file.

Game seed: 10234454580762737149

128 Metae the Covered (level 4, 0/41 HPs)
             Began as a Minotaur Fighter on July 1, 2023.
             Succumbed to Sigmund's poison
             ... on level 2 of the Dungeon.
             The game lasted 00:02:48 (1206 turns).

Metae the Covered (Minotaur Fighter)                Turns: 1206, Time: 00:02:49

Health: 0/41       AC: 16    Str: 22    XL:     4   Next: 86%
Magic:  3/3        EV:  8    Int:  7    God:
Gold:   87         SH:  4    Dex: 10    Spells: 3/3 levels left

rFire   . . .        k - +2 dagger (elec)
rCold   . . .        c - +0 buckler
rNeg    . . .        p - +7 chain mail "Pibbuuta" {Rampage rPois Will- Int+2}
rPois   +            (helmet restricted)
rElec   .            (no cloak)
rCorr   .            (no gloves)
SInv    .            (no boots)
Will    .....        (no amulet) Stlth
                     (no ring)
HPRegen 0.26/turn    (no ring)
MPRegen 0.08/turn

%: rampage
@: mighty, lethally poisoned (0 -> -6), attractive
A: horns 2, retaliatory headbutt
a: no special abilities


You were on level 2 of the Dungeon.
You visited 1 branch of the dungeon, and saw 4 of its levels.

You collected 87 gold pieces.

Inventory:

Hand Weapons
 a - a +0 rapier
 k - a +2 dagger of electrocution (weapon)
Armour
 b - a +0 scale mail
 c - a +0 buckler (worn)
 p - the +7 chain mail "Pibbuuta" (worn) {Rampage rPois Will- Int+2}
   (You found it on level 2 of the Dungeon)

   Int:       It affects your intelligence (+2).
   rPois:     It protects you from poison.
   Rampage:   It bestows one free step when moving towards enemies.
   Will:      It decreases your willpower.
Scrolls
 e - 5 scrolls of identify {unknown}
 f - a scroll of teleportation {unknown}
 g - a scroll of poison {unknown}
 h - a scroll of immolation {unknown}
 j - a scroll of enchant weapon {unknown}
 l - a scroll of enchant armour {unknown}
 n - a scroll of noise {unknown}
 o - a scroll of fog {unknown}
Potions
 m - a potion of haste {unknown}


   Skills:
 + Level 4.4 Fighting
 + Level 3.1 Short Blades
 + Level 4.4 Armour
 + Level 1.9 Dodging
 + Level 4.4 Shields


You had 3 spell levels left.
You didn't know any spells.
Your spell library contained the following spells:

 Spells                   Type           Power      Damage    Failure   Level
 Magic Dart               Conj           0%         1d3       98%         1
 Searing Ray              Conj           0%         2d4       99%         2
 Call Canine Familiar     Summ           0%         N/A       100%        3
 Ozocubu's Armour         Ice            0%         N/A       100%        3
 Portal Projectile        Hex/Tloc       0%         N/A       100%        3
 Summon Guardian Golem    Hex/Summ       0%         N/A       100%        3
 Fulminant Prism          Conj/Hex       0%         3d5       100%        4
 Leda's Liquefaction      Hex/Erth       0%         N/A       100%        4
 Metabolic Englaciation   Hex/Ice        0%         N/A       100%        5
 Simulacrum               Ice/Necr       0%         N/A       100%        6
 Orb of Destruction       Conj           0%         9d5       100%        7
 Spellforged Servitor     Conj/Summ      0%         N/A       100%        7


Dungeon Overview and Level Annotations

Branches:
Dungeon (4/15)
 Temple: D:4-7

Altars:

Annotations:
D:2 Sigmund


Innate Abilities, Weirdness & Mutations

You have a pair of horns on your head.
You reflexively headbutt those who attack you in melee.


Message History

You finish putting on the +7 chain mail "Pibbuuta" {Rampage rPois Will- Int+2}.
You feel clever.
You feel ready to rampage towards enemies.
Sigmund the Dreaded comes into view.
He is wielding a +0 scythe of venom and wearing a +1 robe of cold resistance.
Sigmund shouts!
You hear an angry hiss.
Sigmund closely misses you.
You barely miss Sigmund. Your headbutt misses Sigmund.
Sigmund hits you with a +0 scythe of venom!
You are poisoned.
You barely miss Sigmund. Your headbutt misses Sigmund.
You feel sick.
You hit Sigmund but do no damage.
You feel sick. Sigmund closely misses you.
You closely miss Sigmund. Your headbutt misses Sigmund.
You feel sick.
You barely miss Sigmund. Your headbutt misses Sigmund.
You feel sick.
Sigmund hits you with a +0 scythe of venom!
You are more poisoned.
You hit Sigmund.
Sigmund is lightly wounded.
You feel sick.
Sigmund hits you with a +0 scythe of venom.
You are lethally poisoned!
You closely miss Sigmund.
Sigmund is lightly wounded.
You feel very sick.
You closely miss Sigmund. Your headbutt misses Sigmund.
Sigmund is lightly wounded.
* * * LOW HITPOINT WARNING * * *
You feel very sick. Sigmund hits you but does no damage.
* * * LOW HITPOINT WARNING * * *
You feel very sick.
* * * LOW HITPOINT WARNING * * *
You feel very sick.
It was a potion of attraction.
You feel attractive to monsters.
* * * LOW HITPOINT WARNING * * *
You feel sick.
Sigmund points at you and mumbles some strange words.
You resist with significant effort. Sigmund is attracted toward you.
You feel very mighty all of a sudden.
You die...

#.# #.#.....# #......
#.#
#.#.###.####.###.#
#.#.#.....##.# #.#
#.#.#.#.#.##.# #.#
#.#.#.#.#.##.# #.#
####.#.#.#.#.##.# #.#
#..ยง.[.#.#.#.##.#
...
##.#@#.#.#.#.##.###.#
#.#@#.#...#.....#
#.#.#############
..#..(.....
###########


You could see Sigmund.

Vanquished Creatures
  An orc priest (D:3)
  Terence (D:3)
  4 adders
  A worm (D:4)
  4 orcs (D:3)
  4 endoplasms
  A giant cockroach (D:3)
  2 goblins (D:1)
  3 hobgoblins
  2 jackals (D:1)
  4 ball pythons
  4 kobolds
  A rat (D:1)
32 creatures vanquished.

Notes
Turn   | Place    | Note
-------+----------+-------------------------------------------
     0 | D:1      | Metae the Minotaur Fighter began the quest for the Orb.
     0 | D:1      | Reached XP level 1. HP: 19/19 MP: 0/0
   307 | D:1      | Reached XP level 2. HP: 24/27 MP: 1/1
   698 | D:2      | You fall into a shaft and drop 2 floors!
   801 | D:3      | Reached skill level 1 in Dodging
   833 | D:3      | Noticed Terence
   843 | D:3      | Killed Terence
   844 | D:3      | Reached XP level 3. HP: 25/33 MP: 2/2
   971 | D:3      | Reached XP level 4. HP: 38/40 MP: 3/3
  1173 | D:2      | Identified the +7 chain mail "Pibbuuta" {Rampage rPois
                  | Will- Int+2}
  1194 | D:2      | Noticed Sigmund
  1205 | D:2      | HP: 2/41 [poisoned by Sigmund]
  1206 | D:2      | Succumbed to Sigmund's poison

Illustrated notes

Levels and vault maps discovered:
D:1:      tarquinn_simple_flora_water_f, layout_basic
D:2:      layout_basic, basic_altar, uniq_sigmund, uniq_robin, uniq_jessica
D:3:      layout_basic, glass_columns_a, small_statue_intersection, uniq_terence
D:4:      gammafunk_cloud_chamber, layout_basic, grunt_gozag_statues

Skill      XL: |  1  2  3  4 |
---------------+-------------+-----
Dodging        | 1 |  1.9
Fighting       | 4 |  4.4
Armour         | 4 |  4.4
Shields        | 4 |  4.4
Short Blades   | 3 |  3.1

Action                     |  1- 3 |  4- 6 || total
---------------------------+-------+-------++-------
  Melee: Rapier            |    50 |       ||    50
         Headbutt          |     9 |       ||     9
         Dagger            |    22 |    30 ||    52
    Use: Potion            |       |     2 ||     2
 Armour: Scale mail        |    25 |     8 ||    33
         Chain mail        |       |     1 ||     1
  Dodge: Dodged            |    24 |    10 ||    34
  Block: Buckler           |    14 |     4 ||    18
